Cogmind - Beta 14 @@@ ROGUE MODE // 2024.09.07 @ 22:13:58 Player: s0lid Result: Destroyed by D-53 Grenadier with Mini Grenade Launcher Performance ------------- Evolutions (1) 500 Regions Visited (3) 600 Robots Destroyed (28) 140 Value Destroyed (695) 695 Prototype IDs (3) 60 Alien Tech Used (0) 0 Bonus (0) 0 TOTAL SCORE: 1995 Bonus ------- None Cogmind --------- Core Integrity 0/400 Matter 300/300 Energy 100/100 System Corruption 0% Temperature Cool (0) Movement Core (1400) Ox27 Location -9/Mines Parts ------- > --- POWER (1) -------- (None) > --- PROPULSION (2) --- (None) > --- UTILITY (3) ------ Huge Storage Unit Hacking Suite > --- WEAPON (3) ------- Beam Rifle > --- INVENTORY (25) --- Light Ion Engine Flight Unit Flight Unit Heat Sink Small Storage Unit Large Storage Unit Small Matter Pod (50) Signal Interpreter Improved Terrain Scanner Core Shielding Weapon Shielding Light Armor Plating Improved Light Armor Plating Small Laser Spread Laser Spread Laser Spread Laser Light EM Pulse Cannon Datajack Mining Laser Welding Torch Katana Peak State ------------ > --- POWER ------------ Improved Ion Engine > --- PROPULSION ------- Wheel Wheel > --- UTILITY ---------- Huge Storage Unit Experimental Sensor Array Hacking Suite > --- WEAPON ----------- Beam Rifle Beam Rifle Autogun > --- INVENTORY -------- Light Ion Engine Wheel Wheel Compact Wheel Flight Unit Flight Unit Heat Sink Small Storage Unit Large Storage Unit Small Matter Pod Signal Interpreter Improved Terrain Scanner Core Shielding Weapon Shielding Light Armor Plating Improved Light Armor Plating Small Laser Spread Laser Spread Laser Spread Laser Light EM Pulse Cannon Datajack Mining Laser Welding Torch Katana [Rating: 26] Favorites ----------- Power Light Ion Engine Engine Light Ion Engine Power Core Light Nuclear Core Propulsion Wheel Wheel Wheel Utility Huge Storage Unit Device Seismic Detector Storage Huge Storage Unit Hackware Hacking Suite Protection Improved Light Armor Plating Weapon Light Assault Rifle Energy Gun Beam Rifle Ballistic Gun Light Assault Rifle Build | -11 -10 -9 -9 ------- Run | Yrd Mat Mat Min Slots Evolved 2 | . . 2 . Power . | . . . . Propulsion . | . . . . Utility 1 | . . 1 . Weapon 1 | . . 1 . Parts Attached 32 | 6 3 19 4 Power 4 | 1 1 2 . Engine 3 | 1 . 2 . Core 1 | . 1 . . Reactor . | . . . . Propulsion 9 | 2 . 4 3 Treads . | . . . . Leg . | . . . . Wheel 9 | 2 . 4 3 Hover . | . . . . Flight . | . . . . Utility 8 | 1 2 4 1 Device 4 | . 1 2 1 Storage 2 | 1 1 . . Processor . | . . . . Hackware 1 | . . 1 . Protection 1 | . . 1 . Artifact . | . . . . Weapon 11 | 2 . 9 . Energy Gun 7 | . . 7 . Energy Cannon . | . . . . Ballistic Gun 4 | 2 . 2 . Ballistic Cannon . | . . . . Launcher . | . . . . Special Weapon . | . . . . Impact Weapon . | . . . . Slashing Weapon . | . . . . Piercing Weapon . | . . . . Special Melee Weapon . | . . . . Unidentified Prototypes 1 | . . . 1 Parts Lost 15 | . 1 5 9 Power 2 | . . 1 1 Propulsion 8 | . . 3 5 Utility 2 | . 1 . 1 Weapon 3 | . . 1 2 Highest Loss Streak 9 | . 1 2 9 To Critical Strikes . | . . . . Average Slot Usage (%) 94 | . 96 94 90 Engine 10 | . 12 6 8 Core 1 | . 1 3 . Wheel 24 | . 28 21 20 Device 7 | . 10 3 9 Storage 12 | . 14 11 11 Hackware 4 | . . 8 11 Protection 1 | . . 5 . Energy Gun 11 | . . 22 19 Ballistic Gun 18 | . 28 10 8 Peak Build Rating 26 | 7 11 19 26 Average Rating 12 | 5 8 16 20 On Entrance 9 | . 7 11 18 Naked Turns . | . . . . Heaviest Build 97 | 11 91 97 97 Greatest Support 35 | 26 26 35 20 Greatest Overweight (x) 8 | 2 3 6 8 Average Overweight (x) 2 | . 2 2 4 Largest Inventory Capacity 25 | 8 25 25 25 Average Capacity 23 | 7 24 25 25 Most Carried 25 | 8 25 25 25 Average Carried 18 | 2 17 23 24 Final Capacity 25 | 8 25 25 25 Final Carried 25 | 8 25 24 22 Class Distribution -------------------- 54% | Mutant 15% | Scavenger-Gunner 11% | Tank 6% | Gunner 5% | Scavenger-Skirmisher 5% | Scavenger-Tank Dominant Class ---------------- Mutant | -10/Materials Tank | -9/Materials Scavenger-Skirmisher | -9/Mines Resources | -11 -10 -9 -9 ----------- Run | Yrd Mat Mat Min Matter Collected 783 | 282 233 248 20 Remotely . | . . . . Salvage Created 1003 | 56 348 599 . Parts 68 | 5 32 31 . Haulers Intercepted 1 | . . 1 . Recyclers Shooed . | . . . . Parts Field Recycled . | . . . . Retrieved Matter . | . . . . Parts Self-Destructed . | . . . . Prevented . | . . . . Kills | -11 -10 -9 -9 ------- Run | Yrd Mat Mat Min Combat Hostiles Destroyed 18 | . 6 12 . Guns 18 | . 6 12 . Classes Destroyed 12 | 1 6 5 . Worker 1 | . 1 . . Builder 1 | . . 1 . Tunneler 3 | 2 1 . . Hauler 1 | . . 1 . Recycler 1 | . 1 . . Operator 1 | . 1 . . Watcher 2 | . 1 1 . Swarmer 3 | . 3 . . Grunt 9 | . 3 6 . Brawler 1 | . . 1 . Duelist 1 | . . 1 . Sentry 4 | . . 4 . Best Kill Streak 5 | 1 5 3 . Combat Bots Only 4 | . 4 3 . Max Kills in Single Turn 2 | 1 1 2 . Gunslinging 1 | . . 1 . Exploded . | . . . . Melee . | . . . . Uniques/NPCs Destroyed . | . . . . Combat | -11 -10 -9 -9 -------- Run | Yrd Mat Mat Min Hostile Shots Fired 157 | . 38 84 35 Missed 47 | . 7 32 8 Damage Taken 1758 | . 328 694 736 Core 524 | . 115 84 325 Absorbed by Shields . | . . . . Core Remaining (%) 77 | 100 54 . . Volleys Fired 82 | 20 25 35 2 Largest 3 | 2 2 3 3 Hottest 150 | 40 40 150 135 Shots Fired 201 | 40 50 105 6 Gun 201 | 40 50 105 6 Cannon . | . . . . Launcher . | . . . . Special . | . . . . Kinetic 127 | 40 50 35 2 Thermal 74 | . . 70 4 Explosive . | . . . . Electromagnetic . | . . . . Robot Hit Streak 14 | 7 8 14 6 Robot Miss Streak 5 | 2 2 5 5 Penetration Max . | . . . . Secondary Targets 2 | . . 2 . Max Gunslinging Chain 1 | . . 1 . Shots Hit Robots 122 | 26 31 64 1 Core Hits 66 | 4 19 42 1 Critical Kills . | . . . . Critical Parts Destroyed 1 | . . 1 . Critical Strikes 1 | . . 1 . Destroy 1 | . . 1 . Melee Attacks . | . . . . Impact . | . . . . Slashing . | . . . . Piercing . | . . . . Sneak Attacks . | . . . . Combat Hostiles . | . . . . Follow-up Attacks . | . . . . Damage Inflicted 1449 | 248 301 867 33 Guns 1449 | 248 301 867 33 Cannons . | . . . . Explosions . | . . . . Melee . | . . . . Ramming . | . . . . Kinetic 817 | 248 301 250 18 Thermal 632 | . . 617 15 Explosive . | . . . . Electromagnetic . | . . . . Impact . | . . . . Slashing . | . . . . Piercing . | . . . . Highest Corruption . | . . . . Average Corruption . | . . . . Corruption Purged . | . . . . Corruption Blocked . | . . . . Overload Shots . | . . . . Overflow Damage . | . . . . Projectiles . | . . . . Explosions . | . . . . Melee . | . . . . Knockbacks . | . . . . Impact . | . . . . Kinetic . | . . . . Secondary . | . . . . Self-Inflicted Damage . | . . . . Shots . | . . . . Rammed . | . . . . Targets Rammed . | . . . . Kicked . | . . . . Crushed . | . . . . Highest Temperature 303 | . 18 303 108 Average Temperature 94 | . 9 102 55 Received Heat Transfer 513 | . 111 285 117 Siege Activations . | . . . . Robots Corrupted . | . . . . Combat Hostiles . | . . . . Parts Fried . | . . . . Impact Corruptions . | . . . . Robots Melted . | . . . . Combat Hostiles . | . . . . Parts Melted 1 | . . 1 . Heat Transferred 1139 | . . 1102 37 Parts Sabotaged . | . . . . Parts Stolen . | . . . . Parts Stripped . | . . . . Power Chain Reactions . | . . . . Alert | -11 -10 -9 -9 ------- Run | Yrd Mat Mat Min Peak Influence 360 | 10 145 360 120 Initial 105 | . 6 61 105 Average 98 | 3 54 184 96 Maximum Alert Level 1 | . . 1 . Low Security (%) 84 | 100 100 52 100 Level 1 15 | . . 47 . Level 2 . | . . . . Level 3 . | . . . . Level 4 . | . . . . Level 5 . | . . . . High Security . | . . . . Max Security . | . . . . Squads Dispatched 3 | . 2 1 . Investigation 1 | . 1 . . Extermination . | . . . . Reinforcement 2 | . 1 1 . Assault . | . . . . Garrison . | . . . . Intercept . | . . . . Searches Triggered . | . . . . Construction Impeded . | . . . . Haulers Reinforced . | . . . . Active Scanning Responses . | . . . . Cargo Convoy Interrupts . | . . . . Stealth | -11 -10 -9 -9 --------- Run | Yrd Mat Mat Min Distress Signals 2 | . 1 1 . Communications Jammed . | . . . . Distress Signals . | . . . . Times Spotted 37 | . 13 20 4 Peak Tracking Total 4 | . 4 4 4 Tactical Retreats 2 | . 1 1 . Traps | -11 -10 -9 -9 ------- Run | Yrd Mat Mat Min Traps Triggered . | . . . . Indirectly . | . . . . Trap Hack Attempts . | . . . . Triggered . | . . . . Disarmed . | . . . . Reprogrammed . | . . . . Reused . | . . . . Traps Extracted . | . . . . Installed . | . . . . Triggered . | . . . . Machines | -11 -10 -9 -9 ---------- Run | Yrd Mat Mat Min Machines Disabled . | . . . . Max in Single Turn . | . . . . Machines Repaired . | . . . . Machines Dismantled . | . . . . Machines Sabotaged . | . . . . Overloaded Fab Kills . | . . . . Hacking | -11 -10 -9 -9 --------- Run | Yrd Mat Mat Min Machines Accessed 7 | . 4 3 . Terminals 6 | . 3 3 . Fabricators . | . . . . Repair Stations . | . . . . Recycling Units 1 | . 1 . . Scanalyzers . | . . . . Garrison Access . | . . . . Total Hacks 21 | . 9 12 . Successful 9 | . 3 6 . Failed 12 | . 6 6 . Catastrophic 2 | . 1 1 . Database Lockouts . | . . . . Manual 11 | . 1 10 . Terminals 20 | . 8 12 . Fabricators . | . . . . Repair Stations . | . . . . Recycling Units 1 | . 1 . . Scanalyzers . | . . . . Garrison Access . | . . . . Terminal Hacks 6 | . 2 4 . Part Schematic 1 | . . 1 . Robot Analysis 1 | . . 1 . Prototype ID Bank 1 | . . 1 . Alert Level 1 | . . 1 . Locate Traps 1 | . 1 . . Recall Reinforcements 1 | . 1 . . Fabricator Hacks . | . . . . Repair Station Hacks . | . . . . Recycling Unit Hacks 1 | . 1 . . Report Inventory 1 | . 1 . . Scanalyzer . | . . . . Garrison Access Hacks . | . . . . Unauthorized Hacks 2 | . . 2 . Terminals 2 | . . 2 . Botnet 2 | . . 2 . Fabricators . | . . . . Repair Stations . | . . . . Recycling Units . | . . . . Scanalyzers . | . . . . Garrison Access . | . . . . Data Cores Recovered . | . . . . Used . | . . . . Hacking Detections 7 | . 4 3 . Full Trace Events 3 | . 2 1 . Feedback Events . | . . . . Feedback Blocked . | . . . . Robot Schematics Acquired . | . . . . Robots Built . | . . . . Authchips . | . . . . Time . | . . . . Total Robot Build Rating . | . . . . Part Schematics Acquired 1 | . . 1 . Parts Built . | . . . . Authchips . | . . . . Time . | . . . . Total Part Build Rating . | . . . . Parts Repaired . | . . . . Time . | . . . . Parts Recycled . | . . . . Recycled Matter . | . . . . Retrieved Matter . | . . . . Retrieved Components . | . . . . Parts Scanalyzed . | . . . . Part Schematics Acquired . | . . . . Parts Damaged . | . . . . Bothacking | -11 -10 -9 -9 ------------ Run | Yrd Mat Mat Min Used RIF Installer . | . . . . Robots Hacked . | . . . . Non-combat . | . . . . Combat . | . . . . Robot Hacks Applied . | . . . . Relay Couplers Released . | . . . . Fabnet Peak Effective % . | . . . . Robots Rewired . | . . . . Allies Hacked . | . . . . Hacks Repelled . | . . . . Allies | -11 -10 -9 -9 -------- Run | Yrd Mat Mat Min Total Allies . | . . . . Largest Group . | . . . . Highest-Rated Group . | . . . . Highest-Rated Ally . | . . . . Total Orders . | . . . . Ally Attacks . | . . . . Total Damage . | . . . . Kills . | . . . . Allies Corrupted . | . . . . Allies Melted . | . . . . Intel | -11 -10 -9 -9 ------- Run | Yrd Mat Mat Min Robot Analysis Total 1 | . . 1 . Derelict Logs Recovered 1 | . . . 1 Drone Launches . | . . . . Drone Recoveries . | . . . . Exploration | -11 -10 -9 -9 ------------- Run | Yrd Mat Mat Min Turns Passed 1422 | 134 620 471 197 Spaces Moved 784 | 69 370 218 127 Core 5 | 5 . . . Treads . | . . . . Legs . | . . . . Wheels 779 | 64 370 218 127 Hover . | . . . . Flight . | . . . . Fastest Speed 50 | 50 90 120 140 Average Speed 132 | 88 134 137 143 Slowest Speed 200 | 150 135 190 200 Overloaded Moves . | . . . . Propulsion Burnouts . | . . . . Robots Hopped . | . . . . Cave-ins Triggered . | . . . . Exploration Rate (%) 32 | 5 49 32 42 Regions Visited 3 Branch Regions 1 Pre-discovered Areas . | . . . . Known Exits Taken . | . . . . Unknown Exits Taken 3 | 1 1 1 . Scrap Searched 1 | . . . 1 Spaces Dug . | . . . . Terrain Destroyed . | . . . . Melee . | . . . . Projectile . | . . . . AOE . | . . . . Terrain Rammed . | . . . . Walls Destroyed . | . . . . Machines Disabled . | . . . . Actions | -11 -10 -9 -9 --------- Run | Yrd Mat Mat Min Total 1004 | 102 447 316 139 Wait 62 | . 34 25 3 Move 781 | 68 369 217 127 Hop . | . . . . Pick Up 35 | 8 16 10 1 Fast Attach 10 | 6 1 2 1 Attach 10 | . . 7 3 Detach 1 | . . . 1 Swap 12 | . 2 10 . Drop 11 | . . 10 1 Fire 82 | 20 25 35 2 Melee . | . . . . Ram . | . . . . Kick . | . . . . Crush . | . . . . Escape Stasis . | . . . . Rewire . | . . . . Trap . | . . . . Miscellaneous . | . . . . Route ------- -11/Scrapyard -10/Materials -9/Materials -9/Mines (discovered 1 exit: [*Mat]) History --------- Turn | Location | Event 16 | -11/Scrapyard | Discovered new exit (range 16) 135 | -11/Scrapyard | Entered Materials 310 | -10/Materials | Build established: Mutant 734 | -10/Materials | Discovered new exit (range 14) 755 | -10/Materials | Entered another Materials area 755 | -9/Materials | Evolved 2 slots: Utility x1, Weapon x1 1200 | -9/Materials | Discovered new exit (range 9) 1226 | -9/Materials | Entered Mines 1259 | -9/Mines | Met a Derelict bent on vengeance 1273 | -9/Mines | Learned location of 1 exit from Materials 1290 | -9/Mines | Assembled infested the area 1290 | -9/Mines | Found a damaged Exp. Sensor Array with a note attached 1294 | -9/Mines | Found Prototype Device 1294 | -9/Mines | Identified Exp. Sensor Array 1390 | -9/Mines | Core integrity fell below 50% 1404 | -9/Mines | Core integrity fell below 20% 1415 | -9/Mines | Discovered new exit (range 13) 1423 | -9/Mines | Destroyed by D-53 Grenadier with Mini Grenade Launcher Last Messages --------------- 01383_ The unstable cave ceiling collapses. 01383_ C-30 ARC bursts open, deploying its payload. 01383_ G-47 Trooper unfolds itself. 01383_ G-34 Mercenary unfolds itself. 01384_ The unstable cave ceiling collapses. 01387_ Beam Rifle destroyed. 01387_ Autogun destroyed. 01389_ Wheel destroyed. 01389_ R-06 Scavenger destroyed. 01389_ Wheel destroyed. 01390_ Com. Wheel destroyed. 01391_ The unstable cave ceiling collapses. 01391_ Exp. Sensor Array destroyed. 01394_ The unstable cave ceiling collapses. 01406_ Acquired 20 matter. 01408_ The unstable cave ceiling collapses. 01408_ U-05 Engineer lays Concrete. 01413_ K-01 Serf collects debris. 01415_ EXIT=FOUND 01421_ Wheel destroyed. Map ----- +----------------------------------------------------+ | | | | | | | | | | | | | | | | | | | | | | | | | ?????????????????????????????????????????????????? | | ?????????????????????????????????????????????????? | | ?????????????????????????????????????????????????? | | ?????????????????????????????????????????????????? | | ?????????????????????????????????????????????????? | | ?????????????????????###?????????????????????????? | | ????????????????????## #?????????#####??????????? | | ????????????????????# ##???????# ?????????? | | ????????????????????# ###?????# ??????????? | | ?????????????# ??????# #????## #???????????# | | ????????????## #### ###?## ##??????????# | | ????????????# ### #?????????## | | ???????????????